AoeStats
← Axolotlin

Arena

508468540Analyzed
4v4 RM · 8d ago on Sep 22, 2026· 33m 34s· 8 players
Game mode
Random Map
Map size
Large (8 player)
Population
200
Speed
Normal
Resources
Standard
Victory
Conquest
Starting age
Dark Age
Ending age
Imperial Age
RankedLock teamsTeams togetherTeam positionsShared explorationLock speedFull tech treeHidden civsTurbo modeCheats
Victory
Defeat
🇨🇴 Vietnamese · Colombia
1343
+14
🇷🇺 Teutons · Russia
1323
+14
🇨🇱 Burmese · Chile
1317
+15
🇲🇽 Shu · Mexico
1202
+19
🇻🇳 Italians · Vietnam
1332
-17
🇨🇳 Burgundians · China
1284
-15
🇩🇪 Italians · Germany
1269
-15
🇲🇹 Khmer · Malta
1265
-15
proxxi
mryendl2410
11:34 Feudal Age
12:10 Loom
13:22 Double-Bit Axe
15:48 Castle Age
15:22 Horse Collar
15:33 Gold Mining
21:40 Imperial Age
21:17 Fletching
27:42 Scale Mail Armor
30:12 Chain Mail Armor
蝴蝶
5:59 Double-Bit Axe
6:50 Horse Collar
MZTK / Dampflok
7:02 Loom
9:24 Feudal Age
14:34 Castle Age
12:38 Double-Bit Axe
15:28 Fletching
16:38 Crossbowman
20:37 Forging
20:22 Bodkin Arrow
21:53 Horse Collar
23:43 Gold Mining
Axolotlin
10:55 Feudal Age
11:46 Double-Bit Axe
14:31 Castle Age
12:20 Horse Collar
13:04 Gold Mining
16:27 Gold Shaft Mining
18:24 Loom
21:40 Wheelbarrow
20:52 Town Watch
22:48 Bow Saw
TITO15
10:48 Feudal Age
12:07 Double-Bit Axe
14:30 Castle Age
12:59 Horse Collar
14:04 Loom
15:53 Bow Saw
15:48 Heavy Plow
24:54 Gold Mining
25:09 Fletching
25:07 Elite Skirmisher
25:53 Thumb Ring
26:58 Bodkin Arrow
feto
9:53 Feudal Age
14:12 Castle Age
12:18 Horse Collar
14:13 Scale Mail Armor
14:23 Man-at-Arms
15:40 Long Swordsman
17:58 Squires
18:05 Loom
21:29 Chain Mail Armor
23:19 Wheelbarrow
22:57 Gambesons
23:04 Arson
27:04 Gold Mining
31:06 Imperial Age
29:16 Gold Shaft Mining
28:32 Stone Mining
28:43 Heavy Plow
29:15 Forging
31:02 Iron Casting
32:56 Chemistry
31:47 Two-Handed Swordsman
32:58 Plate Mail Armor
33:28 Champion
spirrulina
10:39 Feudal Age
14:50 Castle Age
12:58 Horse Collar
13:22 Double-Bit Axe
16:50 Bow Saw
17:23 Loom
18:06 Gold Mining
18:59 Sanctity
20:53 Redemption
22:03 Fervor
31:19 Imperial Age
30:18 Heavy Plow
30:58 Wheelbarrow
32:23 Block Printing
32:34 Illumination
32:44 Theocracy
33:22 Hand Cart
33:58 Crop Rotation
33:26 Stone Mining
Connection lost

Rejoining the realm…

Still unreachable

The connection could not be restored.

Session expired

The server has moved on; the page needs a fresh start.